 Dungeon Crawl Stone Soup version 0.31-a0-986-g5e6e4ef867 (webtiles) character file.

Game seed: 1301603515481706483

2622 Lobster4 the Fighter (level 9, -2/77 (83) HPs)
             Began as a Hill Orc Fighter on Nov 5, 2023.
             Was a Believer of the Shining One.
             Slain by a wight
             ... wielding a +5 war axe
              (9 damage)
             ... on level 6 of the Dungeon.
             The game lasted 00:13:15 (5959 turns).

Lobster4 the Fighter (Hill Orc Fighter)             Turns: 5959, Time: 00:13:16

HP:   -2/77 (83)    AC:  9    Str: 23    XL:     9   Next: 60%
MP:   12/12         EV: 10    Int:  8    God:    the Shining One [**....]
Gold: 276           SH:  5    Dex: 10    Spells: 8/8 levels left

rFire   . . .        a - +1 war axe (venom)
rCold   . . .        c - +0 buckler
rNeg    + . .        u - +3 ring mail
rPois   .            (no helmet)
rElec   .            (no cloak)
rCorr   .            (no gloves)
SInv    .            (no boots)
Will    .....        (no amulet) Stlth
                     (no ring)
HPRegen 0.32/turn    (no ring)
MPRegen 0.13/turn

%: no passive effects
@: about to teleport, glowing, drained
A: no striking features
a: Renounce Religion, Divine Shield


You were on level 6 of the Dungeon.
You worshipped the Shining One.
The Shining One was pleased with you.
You visited 1 branch of the dungeon, and saw 6 of its levels.

You collected 276 gold pieces.

Inventory:

Hand Weapons
 a - a +1 war axe of venom (weapon)
 b - a +4 war axe
 d - a +1 war axe of flaming
 l - a +0 sling
 m - a +0 war axe
Missiles
 h - 46 stones (quivered)
 s - 6 poisoned darts
Armour
 c - a +0 buckler (worn)
 t - +0 acid dragon scales
 u - a +3 ring mail (worn)
Talismans
 j - a beast talisman
Wands
 o - a wand of flame (3)
Scrolls
 e - 3 scrolls of revelation
 f - a scroll of blinking {unknown}
 n - a scroll of identify
 p - a scroll of silence
 v - a scroll of fog
Potions
 g - 4 potions of curing
 i - a potion of resistance
 q - a potion of haste
 r - a potion of magic


   Skills:
 * Level 9.2 Fighting
 + Level 7.1 Axes
 - Level 3.0 Throwing
 + Level 6.4 Armour
 + Level 6.2 Shields
 + Level 4.9 Invocations
 - Level 3.0 Evocations


You had 8 spell levels left.
You didn't know any spells.
Your spell library contained the following spells:

 Spells                   Type           Power      Damage    Failure   Level
 Ozocubu's Armour         Ice            0%         N/A       93%         3
 Ozocubu's Refrigeration  Ice            0%         4d7       100%        7


Dungeon Overview and Level Annotations

Branches:
Dungeon (6/15)             Temple (0/1) D:4

Altars:
Hepliaklqana
Makhleb
Okawaru
Yredelemnul
The Shining One


Message History

You block the wight's attack. x2
The wight barely misses you.
An adder comes into view.
The adder hisses angrily.
The adder moves out of view.
The wight closely misses you.
You completely miss the wight. The wight closely misses you.
The wight barely misses you.
You barely miss the wight.
The wight hits you from afar with a +3 spear!
You partially resist.
You feel drained. The wight hits you with a +2 halberd! You partially resist.
You feel drained.
You slash the wight!
The wight is severely damaged.
The wight hits you from afar with a +3 spear.
The wight barely misses you.
As you read the scroll of teleportation, it crumbles to dust.
You feel strangely unstable.
The wight hits you from afar with a +3 spear!
* * * LOW HITPOINT WARNING * * *
You partially resist.
You feel drained. The wight barely misses you. You block the adder's attack.
You hit the adder.
The adder is poisoned.
The adder is lightly wounded.
You hit the wight.
You destroy the wight!
The Shining One accepts your kill.
The wight hits you from afar with a +3 spear.
* * * LOW HITPOINT WARNING * * *
The adder bites you but does no damage.
You slash the adder!
The adder looks as sick as possible!
The adder is almost dead.
You hit the wight.
You kill the adder!
You block the wight's attack. The wight hits you with a +5 war axe!
* * * LOW HITPOINT WARNING * * *
The wight barely misses you.
You feel better. You block the wight's attack.
The wight hits you with a +5 war axe!
You die...

........z##
##.......z.#
...........#
........).. .
........#. ...
.........### ###....
...........####.......
...[......Szz@........
##.........z####......
##.....)...## .....
#..........# ....
..........## .......
..........# .......
......#..## . ....
.....##..# ### ...#
....###..#####..# #..


You could see 3 wights and an adder.

Vanquished Creatures
  A two-headed ogre (D:5)
  Maggie (D:6)
  Grinder (D:3)
  Duvessa (D:6)
  An orc warrior (D:6)
  A black bear (D:5)
  2 ogres
  A centaur (D:4)
  A bullfrog (D:6)
  A scorpion (D:5)
  5 wights
  Dowan (D:6)
  A howler monkey (D:4)
  3 hounds
  A gnoll bouda (D:4)
  Jessica (D:3)
  Ijyb (D:5)
  A sleepcap (D:5)
  2 iguanas
  3 orc wizards
  7 adders
  4 gnolls (D:6)
  A shadow imp (D:6)
  4 ufetubi
  2 worms (D:2)
  A dart slug (D:3)
  13 orcs
  9 endoplasms
  5 giant cockroaches
  7 goblins
  12 hobgoblins
  4 ball pythons
  4 bats
  5 frilled lizards
  6 kobolds
  5 rats
119 creatures vanquished.

Notes
Turn   | Place    | Note
-------+----------+-------------------------------------------
     0 | D:1      | Lobster4 the Hill Orc Fighter began the quest for the Orb.
     0 | D:1      | Reached XP level 1. HP: 19/19 MP: 1/1
   227 | D:1      | Reached XP level 2. HP: 24/27 MP: 2/2
   351 | D:1      | Reached skill level 4 in Fighting
   926 | D:2      | Reached XP level 3. HP: 33/33 MP: 3/3
  1203 | D:2      | Reached XP level 4. HP: 41/41 MP: 4/4
  1638 | D:3      | Noticed Grinder
  1651 | D:3      | HP: 1/41 [Grinder (4)]
  1652 | D:3      | Killed Grinder
  1653 | D:3      | Reached skill level 5 in Fighting
  1653 | D:3      | Reached XP level 5. HP: 2/50 MP: 5/5
  1653 | D:3      | Reached XP level 6. HP: 2/57 MP: 6/6
  1882 | D:3      | Noticed Jessica
  1886 | D:3      | Killed Jessica
  1888 | D:3      | Found a glowing golden altar of the Shining One.
  1896 | D:3      | Became a worshipper of the Shining One
  2041 | D:3      | Reached skill level 6 in Fighting
  2203 | D:3      | Found a burning altar of Makhleb.
  2915 | D:4      | Reached skill level 1 in Invocations
  2915 | D:4      | Reached XP level 7. HP: 53/64 MP: 7/7
  3242 | D:4      | Reached skill level 5 in Axes
  3242 | D:4      | Reached skill level 1 in Throwing
  3325 | D:4      | Found a staircase to the Ecumenical Temple.
  3476 | D:4      | Found a basalt altar of Yredelemnul.
  3491 | D:5      | Entered Level 5 of the Dungeon
  3583 | D:5      | Noticed a two-headed ogre
  3688 | D:5      | Found an iron altar of Okawaru.
  3701 | D:5      | Noticed Ijyb
  3746 | D:5      | Killed Ijyb
  3939 | D:5      | Reached skill level 5 in Armour
  4217 | D:5      | Killed a two-headed ogre
  4218 | D:5      | Reached skill level 7 in Fighting
  4218 | D:5      | Reached skill level 5 in Shields
  4218 | D:5      | Reached XP level 8. HP: 35/74 MP: 8/10
  4522 | D:5      | Found a hazy altar of Hepliaklqana.
  4538 | D:5      | Reached skill level 8 in Fighting
  4769 | D:6      | Noticed Maggie
  4779 | D:6      | Reached * piety under the Shining One
  4780 | D:6      | Killed Maggie
  4781 | D:6      | Reached XP level 9. HP: 12/82 MP: 10/12
  5419 | D:6      | Noticed Duvessa
  5419 | D:6      | Noticed Dowan
  5431 | D:6      | Killed Dowan
  5434 | D:6      | Killed Duvessa
  5781 | D:6      | Reached skill level 9 in Fighting
  5942 | D:6      | Reached ** piety under the Shining One
  5958 | D:6      | HP: 2/76 [wight/+5 war axe (17)]
  5959 | D:6      | Slain by a wight

Illustrated notes

Levels and vault maps discovered:
D:1:      saegor_arrival_simple_e, layout_basic
D:2:      layout_loops_ring
D:3:      layout_basic, tso_metal_star, marbit_many_paths, uniq_jessica,
          uniq_grinder
D:4:      wad_crossroads, layout_loops_cross, kennysheep_mini_moat,
          temple_fountains
D:5:      layout_loops_ring, okawaru_trees_1, mainiacjoe_overflow_brackets,
          uniq_ijyb
D:6:      layout_cave_pods, minmay_between, uniq_maggie, uniq_duvessa

Skill      XL: |  1  2  3  4  5  6  7  8  9 |
---------------+----------------------------+-----
Axes           | 3 4 6 7 |  7.1
Fighting       | 4 5 6 7 8 9 |  9.2
Armour         | 4 5 6 |  6.4
Shields        | 4 5 6 |  6.2
Invocations    | 1 3 4 |  4.9
Throwing       | 2 3 |  3.0
Evocations     | 2 3 |  3.0

Action                     |  1- 3 |  4- 6 |  7- 9 || total
---------------------------+-------+-------+-------++-------
  Melee: War axe           |   107 |    99 |   130 ||   336
  Throw: Dart              |       |       |    19 ||    19
         Stone             |       |       |     9 ||     9
  Evoke: Wand              |       |       |     5 ||     5
    Use: Scroll            |     4 |     3 |     8 ||    15
         Potion            |       |     1 |     2 ||     3
 Armour: Scale mail        |    62 |    59 |    62 ||   183
         Ring mail         |       |       |    41 ||    41
         Acid dragon scale |       |       |    22 ||    22
  Dodge: Dodged            |    49 |    44 |    61 ||   154
  Block: Buckler           |    30 |    21 |    33 ||    84

Table legend: (Time is in decaauts)
 A = Elapsed time spent in this place.
 B = Non-inter-level travel time spent in this place.
 C = Inter-level travel time spent in this place.
 D = Time resting spent in this place.
 E = Time spent auto-exploring this place.
 F = Levels seen in this place.
 G = Mean time per level.
                   A        B        C        D        E       F      G
               +--------+--------+--------+--------+--------+-----+--------+
         Total |   6067 |   5897 |    170 |   1248 |   3616 |   6 | 1011.2 |
       Dungeon |   6067 |   5897 |    170 |   1248 |   3616 |   6 | 1011.2 |
               +--------+--------+--------+--------+--------+-----+--------+

Top non-repeatable levels by time:
     D:5: 1563 daAuts
     D:3: 1152 daAuts
     D:4: 1017 daAuts
     D:1: 919 daAuts
     D:6: 728 daAuts
     D:2: 685 daAuts
